 Dungeon Crawl Stone Soup version 0.17-a0-1674-g2b13139 (console) character file.

21 rchandra the Ducker (level 2, -1/18 HPs)
             Began as a Deep Elf Monk on Aug 18, 2015.
             Slain by a giant gecko (4 damage)
             ... on level 1 of the Dungeon.
             The game lasted 00:02:27 (902 turns).

rchandra the Ducker (Deep Elf Monk)                  Turns: 902, Time: 00:02:27

Health: -1/18      AC:  2    Str:  8    XL:     2   Next: 62%
Magic:  4/4        EV: 14    Int: 14    God:
Gold:   12         SH:  0    Dex: 17    Spells: 0 memorised, 1 level left

rFire  . . .     SeeInvis .     a - +0 dagger
rCold  . . .     Clarity  .     f - +0 robe
rNeg   . . .     SustAt   .     (no shield)
rPois  .         Gourm    .     (no helmet)
rElec  .         Spirit   .     (no cloak)
rCorr  .         Warding  .     (no gloves)
rMut   .         Stasis   .     (no boots)
MR     .....                    (no amulet)
Stlth  ++........               (no ring)
                                d - -3 ring of slaying (curse)

@: not resistant to hostile enchantments, unstealthy
A: no striking features
a: no special abilities


You were on level 1 of the Dungeon.
You were not hungry.

You visited 1 branch of the dungeon, and saw 1 of its levels.

You collected 12 gold pieces.

Inventory:

Hand weapons
 a - a +0 dagger (weapon)
Armour
 f - a +0 robe (worn)
Jewellery
 d - a cursed -3 ring of slaying (left hand)
   (You found it on level 1 of the Dungeon)
Scrolls
 c - a scroll of fear
 g - 2 scrolls of blinking
Potions
 h - a potion of degeneration {unknown}
 i - a potion of curing {unknown}
 l - a potion of ambrosia {unknown}
Comestibles
 b - a bread ration
 j - 2 chunks of flesh


   Skills:
 + Level 2.9 Fighting
 + Level 4.2 Dodging
 - Level 2.4 Stealth
 - Level 3.2 Unarmed Combat


You had one spell level left.
You didn't know any spells.

Dungeon Overview and Level Annotations

Branches:
Dungeon (1/15)

Altars:


Message History

3 stones; a kobold skeleton A goblin comes into view.
It is wielding a club.
Found a stone staircase leading down.
The goblin shouts!
You closely miss the goblin. The goblin hits you but does no damage.
You hit the goblin.
The goblin is severely wounded.
The goblin barely misses you.
You hit the goblin but do no damage.
The goblin is severely wounded.
The goblin hits you with a club.
You take 1 damage, and have 16/18 hp.
You closely miss the goblin.
The goblin is severely wounded.
The goblin misses you.
You hit the goblin but do no damage.
The goblin is severely wounded.
You hit the goblin but do no damage.
The goblin is severely wounded.
The goblin hits you with a club.
You take 1 damage, and have 15/18 hp.
You hit the goblin.
You kill the goblin!
Things that are here:
a club; a goblin corpse You butcher the goblin corpse.
j - 2 chunks of flesh
Things that are here:
a club; a goblin skeleton A giant gecko comes into view.
The giant gecko moves out of view.
The giant gecko bites you.
You take 3 damage, and have 14/18 hp.
You barely miss the giant gecko.
The giant gecko bites you but does no damage.
The giant gecko bites you.
You take 2 damage, and have 12/18 hp.
You hit the giant gecko but do no damage.
The giant gecko misses you.
You closely miss the giant gecko. The giant gecko barely misses you.
You closely miss the giant gecko. The giant gecko bites you.
* * * LOW HITPOINT WARNING * * *
You take 5 damage, and have 7/18 hp.
MASSIVE DAMAGE!!
You barely miss the giant gecko. The giant gecko bites you.
* * * LOW HITPOINT WARNING * * *
You take 2 damage, and have 5/18 hp.
You closely miss the giant gecko. The giant gecko bites you.
* * * LOW HITPOINT WARNING * * *
The giant gecko bites you.
You die...

#.## ##....# #.# #. ##.##
##.###)# #.# ## ##...###.## #.#
#.# # ##.....#.## #.# #.# #
##.........## #.# #.# #
#...........###.# #.# #
###...............########.# #
........>.....#........(..(######
####.........##.ε.########...(...
#.....###.##..l########.######
#.#...# #.....>...............
#.###.# #.####.########.###### #.
....... ..# #.# .##### ### #.# #.
#.# #.# #.#


You could see a giant gecko.

Vanquished Creatures
  5 bats (D:1)
  A giant cockroach (D:1)
  2 goblins (D:1)
  2 hobgoblins (D:1)
  3 kobolds (D:1)
  A quokka (D:1)
  5 rats (D:1)
19 creatures vanquished.

Notes
Turn   | Place    | Note
--------------------------------------------------------------
     0 | D:1      | rchandra the Deep Elf Monk began the quest for the Orb.
     0 | D:1      | Reached XP level 1. HP: 13/13 MP: 3/3
   107 | D:1      | Reached skill level 4 in Dodging
   126 | D:1      | Reached XP level 2. HP: 12/18 MP: 4/4
   902 | D:1      | Slain by a giant gecko

Vault maps used:
D:1:      onia_arrival_larder

Action                   || total
-------------------------++-------
Melee: Unarmed           ||    52
       Dagger            ||   103
  Use: Scroll            ||     2
       Potion            ||     2
 Stab: Sleeping          ||     5

Vault maps used:
D:1:      onia_arrival_larder
